Punishers vs Staline
(R1)
Created - 3 décembre 2015 at 19:03
Goals
|
| Punishers |
2 |
1 |
2 |
5 |
| Staline |
0 |
1 |
0 |
1 |
|
Shots
|
| Punishers |
14 |
11 |
8 |
33 |
| Staline |
13 |
13 |
12 |
38 |
|
1st period
1. Punishers , Casey Cizikas 4 (Mike Blunden) at 10:41
2. Punishers , Adam Pineault 16 (Petteri Nokelainen, Mike Weber) at 18:20
Penalties :
No Penalty
2nd period
3. Punishers , Adam McQuaid 3 (Kris Chucko) at 10:10
4. Staline , Jordan Caron 6 (Nick Spaling, Torey Krug) at 16:53
Penalties :
Nick Spaling (StJ) for Hooking (Minor) at 4:28, Luke Adam (Pro) for Hooking (Minor) at 6:43, Mike Weber (Pro) for Hooking (Minor) at 13:17
3rd period
5. Punishers , Tanner Glass 16 (Éric Perrin) at 5:05
6. Punishers , Tim Jackman 14 (Tanner Glass) at 18:42
Penalties :
Alex Petrovic (Pro) for Hooking (Minor) at 4:14, Brandon Prust (StJ) for Slashing (Minor) at 4:28, Tyler Cuma (StJ) for Interference (Minor) at 5:08, Peter Holland (StJ) for Delaying the game (Minor) at 7:25, Cody Eakin (StJ) for Holding (Minor) at 10:07, Kris Chucko (Pro) for High sticking (Minor) at 10:40, David Desharnais (StJ) for Roughing (Double Minor) at 19:42
Goalie Stats
Kevin Poulin (Pro), 37 saves from 38 shots - (0,974), W, 8-8-2, 60:00 minutes
Tobias Stephan (StJ), 28 saves from 33 shots - (0,848), L, 7-7-0, 60:00 minutes
Players Stats for Punishers
Player Name G A P +/- PIM S H SB GA TA FO MP PP MP PK MP
------------------------------------------------------------------------------------
Adam McQuaid 1 0 1 3 0 2 3 3 1 0 0/0 25:28 2:05 2:04
Adam Pineault 1 0 1 1 0 3 0 0 0 1 0/0 15:47 2:27 0:00
Alex Petrovic 0 0 0 0 2 0 0 0 0 0 0/0 10:14 0:14 0:09
Brandon McMillan 0 0 0 0 0 0 0 0 0 0 0/0 0:00 0:00 0:00
Casey Cizikas 1 0 1 1 0 4 1 0 1 0 2/6 8:10 0:00 0:00
Éric Perrin 0 1 1 1 0 4 3 1 0 1 17/29 23:22 3:01 2:39
Erik Condra 0 0 0 1 0 2 1 0 0 1 0/0 9:53 0:00 0:00
Frazer Mclaren 0 0 0 1 0 1 1 1 0 0 0/0 11:06 0:00 0:37
Jean-François Jacques 0 0 0 0 0 0 0 0 0 0 0/0 0:40 0:00 0:26
Justin Falk 0 0 0 1 0 2 5 1 0 0 0/0 31:34 3:37 3:33
Kris Chucko 0 1 1 1 2 3 4 1 0 0 0/0 18:51 2:40 1:35
Luke Adam 0 0 0 1 2 0 1 1 0 0 3/6 8:54 0:00 0:00
Michael Ferland 0 0 0 0 0 0 0 0 0 0 0/0 0:00 0:00 0:00
Mike Blunden 0 1 1 1 0 0 1 0 0 2 0/0 7:52 0:00 0:04
Mike Weber 0 1 1 1 2 2 4 1 0 0 0/0 28:17 3:37 2:07
Petteri Nokelainen 0 1 1 1 0 0 1 0 0 1 8/16 15:04 2:27 0:00
Philippe Paradis 0 0 0 0 0 0 0 0 0 0 0/0 0:25 0:00 0:00
Quinton Howden 0 0 0 0 0 0 0 0 0 0 0/0 0:00 0:00 0:00
Radek Smolenak 0 0 0 1 0 2 0 0 0 0 0/0 7:22 0:00 0:00
Simon Despres 0 0 0 3 0 0 3 1 1 0 0/0 22:55 2:05 1:37
Tanner Glass 1 1 2 1 0 5 2 0 2 0 6/12 23:19 3:01 2:29
Tim Jackman 1 0 1 0 0 3 2 2 1 0 2/3 22:47 3:15 1:40
Players Stats for Staline
Player Name G A P +/- PIM S H SB GA TA FO MP PP MP PK MP
------------------------------------------------------------------------------------
Brandon Prust 0 0 0 -4 2 0 2 3 1 0 1/2 13:17 3:14 0:35
Bryan Bickell 0 0 0 0 0 4 1 0 0 1 1/1 9:00 0:03 0:00
Cody Eakin 0 0 0 0 2 1 1 0 0 0 9/28 19:23 1:34 0:15
Corey Trivino 0 0 0 -4 0 1 0 0 0 0 1/4 10:02 0:00 1:10
Danny Kristo 0 0 0 0 0 1 1 0 0 1 1/1 9:35 0:00 1:27
David Desharnais 0 0 0 0 4 3 2 1 1 0 12/19 19:43 3:11 4:06
Greg Pateryn 0 0 0 -1 0 0 1 0 0 0 0/0 12:30 0:00 1:08
James Sheppard 0 0 0 0 0 1 1 0 0 0 1/1 12:10 0:00 0:00
Jiri Tlusty 0 0 0 -1 0 4 4 2 0 0 1/2 24:34 3:11 3:37
Jordan Caron 1 0 1 1 0 1 1 0 0 0 0/2 14:37 1:27 0:00
Mark Fraser 0 0 0 -1 0 0 0 3 0 0 0/0 17:29 0:00 2:27
Mark Stone 0 0 0 -4 0 1 2 0 0 0 0/0 9:15 0:00 0:00
Michael Del Zotto 0 0 0 -2 0 7 0 3 1 1 0/0 28:20 2:31 4:10
Nick Spaling 0 1 1 1 2 10 3 0 1 1 3/6 19:31 1:27 1:05
Peter Holland 0 0 0 0 2 0 1 0 1 0 4/6 8:29 0:07 0:00
Philip Larsen 0 0 0 -1 0 0 0 0 1 0 0/0 14:32 2:14 0:15
Torey Krug 0 1 1 -1 0 1 2 3 0 0 0/0 21:38 2:09 2:27
Tyler Cuma 0 0 0 -2 2 3 1 2 0 2 0/0 25:37 2:36 3:07
3 Stars
1 - Adam McQuaid (Pro)
2 - Kevin Poulin (Pro)
3 - Tanner Glass (Pro)
Power Play
Punishers - 0 on 7 Attempt(s) - 0,00%
Staline - 0 on 4 Attempt(s) - 0,00%
Penalty Kill
Punishers - 4 on 4 Attempt(s) - 100,00%
- Score 0 goal in Penalty Kill
Staline - 7 on 7 Attempt(s) - 100,00%
- Score 0 goal in Penalty Kill
Team Stat
Punishers - Hits : 32 - Faceoff Wins : 38 - Blocked Shots : 12 - Penalty Minutes : 8
Staline - Hits : 23 - Faceoff Wins : 34 - Blocked Shots : 17 - Penalty Minutes : 14
Official
Referees : StLaurent Francois and Devorski Paul
Linesman : Tony Sericolo and Brad Kovachik
Game Notes
No Game Note
Finance
Level 1 -- Attendance: 1579 (78,95%) -- Ticket Income 55 265 $
Level 2 -- Attendance: 786 (78,60%) -- Ticket Income 11 790 $
Total Attendance: 2365 (78,83%)
Total Ticket Income: 67 055 $
Other Income: 3 353 $
Total Income: 70 408 $
Punishers
5 vs 5 Forward
Center Left Wing Right Wing Time % Phy DF OF
1 Éric Perrin Tanner Glass Tim Jackman 40 1 2 2
2 Petteri Nokelainen Kris Chucko Adam Pineault 30 1 2 2
3 Luke Adam Frazer Mclaren Erik Condra 20 1 2 2
4 Casey Cizikas Radek Smolenak Mike Blunden 10 1 2 2
5 vs 5 Defense
Defense Defense Time % Phy DF OF
1 Justin Falk Mike Weber 40 1 2 2
2 Adam McQuaid Simon Despres 30 1 2 2
3 Alex Petrovic Justin Falk 20 1 2 2
4 Mike Weber Adam McQuaid 10 1 2 2
PowerPlay Forward
Center Left Wing Right Wing Time % Phy DF OF
1 Éric Perrin Tanner Glass Tim Jackman 60 1 2 2
2 Petteri Nokelainen Kris Chucko Adam Pineault 40 1 2 2
PowerPlay Defense
Defense Defense Time % Phy DF OF
1 Justin Falk Mike Weber 60 1 2 2
2 Adam McQuaid Simon Despres 40 1 2 2
Penalty Kill 4 Players Forward
Center Wing Time % Phy DF OF
1 Tanner Glass Éric Perrin 60 1 2 2
2 Tim Jackman Kris Chucko 40 1 2 2
Penalty Kill 4 Players Defense
Defense Defense Time % Phy DF OF
1 Justin Falk Mike Weber 60 1 2 2
2 Adam McQuaid Simon Despres 40 1 2 2
Penalty Kill - 3 Players Forward
Forward Time % Phy DF OF
1 Tanner Glass 60 1 2 2
2 Éric Perrin 40 1 2 2
Penalty Kill - 3 Players Defense
Defense Defense Time % Phy DF OF
1 Justin Falk Mike Weber 60 1 2 2
2 Adam McQuaid Simon Despres 40 1 2 2
4 vs 4 Forward
Center Wing Time % Phy DF OF
1 Tanner Glass Éric Perrin 60 1 2 2
2 Tim Jackman Kris Chucko 40 1 2 2
4 vs 4 Defense
Defense Defense Time % Phy DF OF
1 Justin Falk Mike Weber 60 1 2 2
2 Adam McQuaid Simon Despres 40 1 2 2
Last Minutes Offensive
Center Left Wing Right Wing Defense Defense
Éric Perrin Tanner Glass Tim Jackman Justin Falk Mike Weber
Last Minutes Defensive
Center Left Wing Right Wing Defense Defense
Éric Perrin Tanner Glass Tim Jackman Justin Falk Mike Weber
Goaltenders
Starting : Kevin Poulin
Backup : Anton Khudobin
Extra Forwards
Normal : Erik Condra, Mike Blunden, Frazer Mclaren - PP : Erik Condra, Mike Blunden - PK : Frazer Mclaren
Extra Defensemen
Normal : Alex Petrovic, Simon Despres, Justin Falk - PP : Alex Petrovic - PK : Simon Despres, Justin Falk
Penalty Shots
Tanner Glass, Éric Perrin, Tim Jackman, Kris Chucko, Adam Pineault
Staline
5 vs 5 Forward
Center Left Wing Right Wing Time % Phy DF OF
1 Cody Eakin Nick Spaling Jiri Tlusty 40 1 2 2
2 David Desharnais James Sheppard Jordan Caron 30 1 2 2
3 Corey Trivino Brandon Prust Mark Stone 20 1 2 2
4 Peter Holland Bryan Bickell Danny Kristo 10 1 2 2
5 vs 5 Defense
Defense Defense Time % Phy DF OF
1 Tyler Cuma Michael Del Zotto 40 1 2 2
2 Torey Krug Mark Fraser 30 1 2 2
3 Philip Larsen Greg Pateryn 20 1 2 2
4 Torey Krug Michael Del Zotto 10 1 2 2
PowerPlay Forward
Center Left Wing Right Wing Time % Phy DF OF
1 David Desharnais Brandon Prust Jiri Tlusty 60 1 2 2
2 Cody Eakin Nick Spaling Jordan Caron 40 1 2 2
PowerPlay Defense
Defense Defense Time % Phy DF OF
1 Torey Krug Michael Del Zotto 60 1 2 2
2 Philip Larsen Tyler Cuma 40 1 2 2
Penalty Kill 4 Players Forward
Center Wing Time % Phy DF OF
1 David Desharnais Jiri Tlusty 60 1 2 2
2 Corey Trivino Nick Spaling 40 1 2 2
Penalty Kill 4 Players Defense
Defense Defense Time % Phy DF OF
1 Tyler Cuma Michael Del Zotto 60 1 2 2
2 Torey Krug Mark Fraser 40 1 2 2
Penalty Kill - 3 Players Forward
Forward Time % Phy DF OF
1 David Desharnais 60 1 2 2
2 Nick Spaling 40 1 2 2
Penalty Kill - 3 Players Defense
Defense Defense Time % Phy DF OF
1 Tyler Cuma Michael Del Zotto 60 1 2 2
2 Torey Krug Mark Fraser 40 1 2 2
4 vs 4 Forward
Center Wing Time % Phy DF OF
1 Cody Eakin Jiri Tlusty 60 1 2 2
2 David Desharnais Nick Spaling 40 1 2 2
4 vs 4 Defense
Defense Defense Time % Phy DF OF
1 Tyler Cuma Michael Del Zotto 60 1 2 2
2 Torey Krug Mark Fraser 40 1 2 2
Last Minutes Offensive
Center Left Wing Right Wing Defense Defense
Cody Eakin James Sheppard Jiri Tlusty Tyler Cuma Michael Del Zotto
Last Minutes Defensive
Center Left Wing Right Wing Defense Defense
David Desharnais Brandon Prust Jiri Tlusty Torey Krug Tyler Cuma
Goaltenders
Starting : Tobias Stephan
Backup : Allen York
Extra Forwards
Normal : Bryan Bickell, Jordan Caron, Mark Stone - PP : Bryan Bickell, James Sheppard - PK : Danny Kristo
Extra Defensemen
Normal : Philip Larsen, Greg Pateryn, Torey Krug - PP : Greg Pateryn - PK : Greg Pateryn, Philip Larsen
Penalty Shots
Brandon Prust, Jiri Tlusty, David Desharnais, Nick Spaling, Bryan Bickell
% Time on Ice - Punishers
Lines # - Real PCT - Wanted PCT - Time Play
Normal Forward
1 - 34% - 40% - 15:40
2 - 31% - 30% - 14:26
3 - 19% - 20% - 8:54
4 - 16% - 10% - 7:22
Normal Defense
1 - 36% - 40% - 16:49
2 - 35% - 30% - 16:12
3 - 21% - 20% - 9:31
4 - 8% - 10% - 3:50
PP Forward
1 - 53% - 60% - 3:01
2 - 47% - 40% - 2:41
PP Defense
1 - 63% - 60% - 3:37
2 - 37% - 40% - 2:05
PK Forward
1 - 65% - 60% - 3:05
2 - 35% - 40% - 1:40
PK Defense
1 - 86% - 60% - 4:05
2 - 14% - 40% - 0:40
PK3 Forward
1 - 0% - 60%
2 - 0% - 40%
PK3 Defense
1 - 0% - 60%
2 - 0% - 40%
44 Forward
1 - 70% - 60% - 2:13
2 - 30% - 40% - 0:58
44 Defense
1 - 71% - 60% - 2:16
2 - 29% - 40% - 0:55
Last Minute Offensive - 0:00
Last Minute Defensive - 0:00
Total
Forward - 60:00
Defense - 60:00
|
% Time on Ice - Staline
Lines # - Real PCT - Wanted PCT - Time Play
Normal Forward
1 - 37% - 40% - 17:12
2 - 26% - 30% - 12:17
3 - 19% - 20% - 8:45
4 - 18% - 10% - 8:08
Normal Defense
1 - 40% - 40% - 18:23
2 - 32% - 30% - 14:40
3 - 24% - 20% - 11:20
4 - 4% - 10% - 1:59
PP Forward
1 - 69% - 60% - 3:18
2 - 31% - 40% - 1:27
PP Defense
1 - 53% - 60% - 2:31
2 - 47% - 40% - 2:14
PK Forward
1 - 79% - 60% - 4:18
2 - 21% - 40% - 1:10
PK Defense
1 - 69% - 60% - 3:47
2 - 31% - 40% - 1:41
PK3 Forward
1 - 71% - 60% - 0:56
2 - 29% - 40% - 0:23
PK3 Defense
1 - 42% - 60% - 0:33
2 - 58% - 40% - 0:46
44 Forward
1 - 100% - 60% - 2:06
2 - 0% - 40% - 0:00
44 Defense
1 - 63% - 60% - 1:19
2 - 37% - 40% - 0:47
Last Minute Offensive - 0:00
Last Minute Defensive - 0:00
Total
Forward - 60:00
Defense - 60:00
|
Play by Play
1st period
0:01 of 1st period - Éric Perrin wins face-off versus Cody Eakin in neutral zone.
0:14 of 1st period - Wrist shot by Tanner Glass.
0:14 of 1st period - Stopped by Tobias Stephan with a rebound.
0:16 of 1st period - Slapshot by Justin Falk.
0:16 of 1st period - Shot Blocked by Jiri Tlusty.
0:49 of 1st period - Mark Stone is hit by Luke Adam and loses puck.
2:41 of 1st period - Nick Spaling is hit by Simon Despres and loses puck.
2:56 of 1st period - Snap shot by Casey Cizikas.
2:56 of 1st period - Stopped by Tobias Stephan with a rebound.
3:00 of 1st period - Wrist shot by Mike Blunden.
3:00 of 1st period - Shot Misses the Net.
3:02 of 1st period - Slapshot by Radek Smolenak.
3:02 of 1st period - Shot Misses the Net.
3:04 of 1st period - Slapshot by Simon Despres.
3:04 of 1st period - Shot Blocked by Tyler Cuma.
3:26 of 1st period - Michael Del Zotto is hit by Mike Weber and loses puck.
3:43 of 1st period - Wrist shot by Jiri Tlusty.
3:43 of 1st period - Stopped by Kevin Poulin with a rebound.
3:45 of 1st period - Wrist shot by Nick Spaling.
3:45 of 1st period - Stopped by Kevin Poulin with a rebound.
4:00 of 1st period - Mark Stone is hit by Tim Jackman and loses puck.
4:21 of 1st period - Wrist shot by Casey Cizikas.
4:21 of 1st period - Shot Misses the Net.
4:53 of 1st period - Kris Chucko is hit by David Desharnais and loses puck.
5:38 of 1st period - Torey Krug is hit by Tim Jackman and loses puck.
5:53 of 1st period - Snap shot by Danny Kristo.
5:53 of 1st period - Stopped by Kevin Poulin without a rebound.
5:54 of 1st period - Peter Holland wins face-off versus Luke Adam in Punishers zone.
6:01 of 1st period - Slapshot by Mike Weber.
6:01 of 1st period - Stopped by Tobias Stephan with a rebound.
6:03 of 1st period - Slapshot by Frazer Mclaren.
6:03 of 1st period - Shot Misses the Net.
6:19 of 1st period - Adam McQuaid is hit by Nick Spaling and loses puck.
6:44 of 1st period - Greg Pateryn is hit by Mike Weber and loses puck.
7:23 of 1st period - Corey Trivino is hit by Petteri Nokelainen and loses puck.
7:36 of 1st period - Backhand shot by Éric Perrin.
7:36 of 1st period - Shot Misses the Net.
7:48 of 1st period - Frazer Mclaren is hit by Jiri Tlusty.
8:09 of 1st period - Adam McQuaid is hit by Torey Krug and loses puck.
9:22 of 1st period - Icing by Jiri Tlusty.
9:23 of 1st period - Petteri Nokelainen wins face-off versus Cody Eakin in Staline zone.
9:33 of 1st period - Off-side.
9:34 of 1st period - Luke Adam wins face-off versus Cody Eakin in neutral zone.
9:39 of 1st period - Snap shot by Erik Condra.
9:39 of 1st period - Stopped by Tobias Stephan with a rebound.
9:49 of 1st period - Wrist shot by Luke Adam.
9:49 of 1st period - Deflect By Frazer Mclaren.
9:49 of 1st period - Stopped by Tobias Stephan with a rebound.
9:59 of 1st period - Adam McQuaid is hit by James Sheppard and loses puck.
10:10 of 1st period - Torey Krug is hit by Simon Despres and loses puck.
10:37 of 1st period - Icing by Brandon Prust.
10:38 of 1st period - Casey Cizikas wins face-off versus Corey Trivino in Staline zone.
10:41 of 1st period - Snap shot by Casey Cizikas.
10:41 of 1st period - Goal by Casey Cizikas - Punishers : 1 - Staline : 0.
10:42 of 1st period - Cody Eakin wins face-off versus Tim Jackman in neutral zone.
10:47 of 1st period - Snap shot by Nick Spaling.
10:47 of 1st period - Stopped by Kevin Poulin without a rebound.
10:48 of 1st period - Éric Perrin wins face-off versus Cody Eakin in Punishers zone.
11:03 of 1st period - Snap shot by Tanner Glass.
11:03 of 1st period - Stopped by Tobias Stephan without a rebound.
11:04 of 1st period - David Desharnais wins face-off versus Petteri Nokelainen in Staline zone.
11:34 of 1st period - Wrist shot by Cody Eakin.
11:34 of 1st period - Shot Blocked by Tim Jackman.
11:57 of 1st period - Snap shot by Cody Eakin.
11:57 of 1st period - Shot Blocked by Luke Adam.
11:59 of 1st period - Snap shot by Corey Trivino.
11:59 of 1st period - Stopped by Kevin Poulin with a rebound.
12:01 of 1st period - Snap shot by Michael Del Zotto.
12:01 of 1st period - Shot Misses the Net.
12:03 of 1st period - Slapshot by Tyler Cuma.
12:03 of 1st period - Stopped by Kevin Poulin without a rebound.
12:04 of 1st period - Petteri Nokelainen wins face-off versus Corey Trivino in Punishers zone.
12:15 of 1st period - Wrist shot by Adam Pineault.
12:15 of 1st period - Stopped by Tobias Stephan with a rebound.
12:17 of 1st period - Snap shot by Simon Despres.
12:17 of 1st period - Shot Blocked by Mark Fraser.
12:19 of 1st period - Wrist shot by Adam Pineault.
12:19 of 1st period - Shot Blocked by Brandon Prust.
13:03 of 1st period - Slapshot by Nick Spaling.
13:03 of 1st period - Stopped by Kevin Poulin with a rebound.
13:15 of 1st period - Justin Falk is hit by Greg Pateryn and loses puck.
14:28 of 1st period - Tim Jackman is hit by Jiri Tlusty and loses puck.
14:39 of 1st period - Snap shot by Éric Perrin.
14:39 of 1st period - Shot Blocked by Michael Del Zotto.
14:49 of 1st period - Wrist shot by Bryan Bickell.
14:49 of 1st period - Stopped by Kevin Poulin without a rebound.
14:50 of 1st period - Cody Eakin wins face-off versus Petteri Nokelainen in Punishers zone.
14:57 of 1st period - Nick Spaling is hit by Kris Chucko.
15:26 of 1st period - Wrist shot by Justin Falk.
15:26 of 1st period - Deflect By Mark Fraser.
15:26 of 1st period - Stopped by Tobias Stephan without a rebound.
15:27 of 1st period - Éric Perrin wins face-off versus Brandon Prust in Staline zone.
15:30 of 1st period - Slapshot by Tanner Glass.
15:30 of 1st period - Shot Misses the Net.
15:32 of 1st period - Slapshot by Simon Despres.
15:32 of 1st period - Shot Blocked by Tyler Cuma.
15:34 of 1st period - Snap shot by Adam McQuaid.
15:34 of 1st period - Stopped by Tobias Stephan with a rebound.
15:36 of 1st period - Wrist shot by Simon Despres.
15:36 of 1st period - Shot Blocked by Brandon Prust.
15:38 of 1st period - Wrist shot by Tim Jackman.
15:38 of 1st period - Shot Blocked by Michael Del Zotto.
15:40 of 1st period - Snap shot by Tanner Glass.
15:40 of 1st period - Stopped by Tobias Stephan without a rebound.
15:41 of 1st period - Éric Perrin wins face-off versus Cody Eakin in Staline zone.
15:47 of 1st period - Off-side.
15:48 of 1st period - Éric Perrin wins face-off versus Cody Eakin in neutral zone.
15:51 of 1st period - Jiri Tlusty is hit by Mike Weber and loses puck.
16:11 of 1st period - Snap shot by Jiri Tlusty.
16:11 of 1st period - Stopped by Kevin Poulin with a rebound.
16:13 of 1st period - Slapshot by Michael Del Zotto.
16:13 of 1st period - Shot Misses the Net.
16:15 of 1st period - Snap shot by Jiri Tlusty.
16:15 of 1st period - Deflect By Mike Weber.
16:15 of 1st period - Shot Misses the Net.
16:15 of 1st period - Puck is out of play.
16:16 of 1st period - Petteri Nokelainen wins face-off versus David Desharnais in Punishers zone.
16:16 of 1st period - Petteri Nokelainen is hit by David Desharnais.
16:26 of 1st period - Torey Krug is hit by Justin Falk and loses puck.
16:43 of 1st period - Off-side.
16:44 of 1st period - Cody Eakin wins face-off versus Casey Cizikas in neutral zone.
16:49 of 1st period - Snap shot by Nick Spaling.
16:49 of 1st period - Stopped by Kevin Poulin with a rebound.
16:51 of 1st period - Slapshot by Tyler Cuma.
16:51 of 1st period - Deflect By Adam McQuaid.
16:51 of 1st period - Stopped by Kevin Poulin with a rebound.
16:53 of 1st period - Slapshot by Michael Del Zotto.
16:53 of 1st period - Deflect By Adam McQuaid.
16:53 of 1st period - Stopped by Kevin Poulin without a rebound.
16:54 of 1st period - Éric Perrin wins face-off versus Nick Spaling in Punishers zone.
17:23 of 1st period - Petteri Nokelainen is hit by Nick Spaling and loses puck.
17:45 of 1st period - Off-side.
17:46 of 1st period - James Sheppard wins face-off versus Éric Perrin in neutral zone.
18:18 of 1st period - Wrist shot by Adam Pineault.
18:18 of 1st period - Shot Blocked by Brandon Prust.
18:20 of 1st period - Wrist shot by Adam Pineault.
18:20 of 1st period - Goal by Adam Pineault - Punishers : 2 - Staline : 0.
18:21 of 1st period - Éric Perrin wins face-off versus Cody Eakin in neutral zone.
18:36 of 1st period - Wrist shot by Éric Perrin.
18:36 of 1st period - Stopped by Tobias Stephan with a rebound.
19:14 of 1st period - Slapshot by Kris Chucko.
19:14 of 1st period - Stopped by Tobias Stephan without a rebound.
19:15 of 1st period - Éric Perrin wins face-off versus Cody Eakin in Staline zone.
19:28 of 1st period - Slapshot by Jiri Tlusty.
19:28 of 1st period - Shot Blocked by Simon Despres.
19:50 of 1st period - Snap shot by David Desharnais.
19:50 of 1st period - Stopped by Kevin Poulin without a rebound.
19:51 of 1st period - Éric Perrin wins face-off versus Nick Spaling in Punishers zone.
Goals for this period are 2 for Punishers vs 0 for Staline.
Shots for this period are 14 for Punishers vs 13 for Staline.
2nd period
0:01 of 2nd period - Éric Perrin wins face-off versus Cody Eakin in neutral zone.
0:04 of 2nd period - Slapshot by Éric Perrin.
0:04 of 2nd period - Stopped by Tobias Stephan with a rebound.
0:25 of 2nd period - Icing by Michael Del Zotto.
0:26 of 2nd period - David Desharnais wins face-off versus Petteri Nokelainen in Staline zone.
0:51 of 2nd period - Mark Fraser is hit by Adam McQuaid and loses puck.
1:38 of 2nd period - Casey Cizikas is hit by Peter Holland and loses puck.
1:53 of 2nd period - Snap shot by Kris Chucko.
1:53 of 2nd period - Deflect By Petteri Nokelainen.
1:53 of 2nd period - Shot Misses the Net.
1:53 of 2nd period - Puck is out of play.
1:54 of 2nd period - Petteri Nokelainen wins face-off versus Jordan Caron in Staline zone.
2:26 of 2nd period - Slapshot by Torey Krug.
2:26 of 2nd period - Deflect By Nick Spaling.
2:26 of 2nd period - Shot Blocked by Adam McQuaid.
2:26 of 2nd period - Puck is out of play.
2:27 of 2nd period - Éric Perrin wins face-off versus David Desharnais in Punishers zone.
2:34 of 2nd period - Slapshot by Tim Jackman.
2:34 of 2nd period - Shot Blocked by Torey Krug.
3:40 of 2nd period - Kris Chucko is hit by Tyler Cuma and loses puck.
4:03 of 2nd period - Wrist shot by Peter Holland.
4:03 of 2nd period - Shot Misses the Net.
4:17 of 2nd period - Wrist shot by Adam Pineault.
4:17 of 2nd period - Stopped by Tobias Stephan without a rebound.
4:18 of 2nd period - Luke Adam wins face-off versus Cody Eakin in Staline zone.
4:21 of 2nd period - Wrist shot by Frazer Mclaren.
4:21 of 2nd period - Shot Blocked by Jiri Tlusty.
4:23 of 2nd period - Wrist shot by Luke Adam.
4:23 of 2nd period - Shot Misses the Net.
4:25 of 2nd period - Slapshot by Justin Falk.
4:25 of 2nd period - Stopped by Tobias Stephan without a rebound.
4:26 of 2nd period - Nick Spaling wins face-off versus Luke Adam in Staline zone.
4:28 of 2nd period - Minor Penalty to Nick Spaling for Hooking.
4:29 of 2nd period - Éric Perrin wins face-off versus David Desharnais in Staline zone.
5:03 of 2nd period - Slapshot by Kris Chucko.
5:03 of 2nd period - Stopped by Tobias Stephan without a rebound.
5:04 of 2nd period - David Desharnais wins face-off versus Éric Perrin in Staline zone.
5:19 of 2nd period - Mark Fraser is hit by Kris Chucko and loses puck.
5:24 of 2nd period - Slapshot by Kris Chucko.
5:24 of 2nd period - Deflect By Adam Pineault.
5:24 of 2nd period - Shot Misses the Net.
5:24 of 2nd period - Puck is out of play.
5:25 of 2nd period - David Desharnais wins face-off versus Éric Perrin in Staline zone.
5:25 of 2nd period - David Desharnais is hit by Tanner Glass.
6:28 of 2nd period - Penalty to Nick Spaling is over, Nick Spaling is back on ice.
6:33 of 2nd period - Frazer Mclaren is hit by Nick Spaling and loses puck.
6:43 of 2nd period - Minor Penalty to Luke Adam for Hooking.
6:44 of 2nd period - David Desharnais wins face-off versus Tanner Glass in Punishers zone.
6:44 of 2nd period - Backhand shot by Michael Del Zotto.
6:44 of 2nd period - Stopped by Kevin Poulin without a rebound.
6:45 of 2nd period - David Desharnais wins face-off versus Tanner Glass in Punishers zone.
7:46 of 2nd period - David Desharnais is hit by Frazer Mclaren and loses puck.
8:08 of 2nd period - Wrist shot by Tim Jackman.
8:08 of 2nd period - Shot Blocked by Michael Del Zotto.
8:43 of 2nd period - Penalty to Luke Adam is over, Luke Adam is back on ice.
8:53 of 2nd period - Icing by Simon Despres.
8:54 of 2nd period - Peter Holland wins face-off versus Casey Cizikas in Punishers zone.
9:13 of 2nd period - Snap shot by Mike Blunden.
9:13 of 2nd period - Shot Blocked by Mark Fraser.
9:22 of 2nd period - Snap shot by Radek Smolenak.
9:22 of 2nd period - Stopped by Tobias Stephan without a rebound.
9:23 of 2nd period - Éric Perrin wins face-off versus Cody Eakin in Staline zone.
9:53 of 2nd period - Kris Chucko is hit by Jordan Caron and loses puck.
10:10 of 2nd period - Slapshot by Adam McQuaid.
10:10 of 2nd period - Goal by Adam McQuaid - Punishers : 3 - Staline : 0.
10:11 of 2nd period - Éric Perrin wins face-off versus Cody Eakin in neutral zone.
10:14 of 2nd period - Jiri Tlusty is hit by Éric Perrin and loses puck.
10:23 of 2nd period - Slapshot by Éric Perrin.
10:23 of 2nd period - Stopped by Tobias Stephan without a rebound.
10:24 of 2nd period - Éric Perrin wins face-off versus Cody Eakin in Staline zone.
10:25 of 2nd period - Snap shot by Tim Jackman.
10:25 of 2nd period - Stopped by Tobias Stephan without a rebound.
10:26 of 2nd period - Cody Eakin wins face-off versus Éric Perrin in Staline zone.
10:35 of 2nd period - Slapshot by Michael Del Zotto.
10:35 of 2nd period - Stopped by Kevin Poulin with a rebound.
10:37 of 2nd period - Snap shot by Nick Spaling.
10:37 of 2nd period - Shot Blocked by Éric Perrin.
10:39 of 2nd period - Slapshot by Michael Del Zotto.
10:39 of 2nd period - Stopped by Kevin Poulin with a rebound.
10:41 of 2nd period - Snap shot by Jiri Tlusty.
10:41 of 2nd period - Stopped by Kevin Poulin without a rebound.
10:42 of 2nd period - David Desharnais wins face-off versus Petteri Nokelainen in Punishers zone.
10:43 of 2nd period - Slapshot by Michael Del Zotto.
10:43 of 2nd period - Stopped by Kevin Poulin with a rebound.
10:54 of 2nd period - Michael Del Zotto is hit by Mike Weber and loses puck.
11:32 of 2nd period - Michael Del Zotto is hit by Erik Condra.
12:00 of 2nd period - Slapshot by Kris Chucko.
12:00 of 2nd period - Shot Misses the Net.
12:16 of 2nd period - Snap shot by Jordan Caron.
12:16 of 2nd period - Shot Misses the Net.
12:18 of 2nd period - Slapshot by James Sheppard.
12:18 of 2nd period - Shot Misses the Net.
12:36 of 2nd period - Slapshot by Radek Smolenak.
12:36 of 2nd period - Stopped by Tobias Stephan without a rebound.
12:37 of 2nd period - Cody Eakin wins face-off versus Casey Cizikas in Staline zone.
13:02 of 2nd period - Éric Perrin is hit by Mark Stone and loses puck.
13:17 of 2nd period - Minor Penalty to Mike Weber for Hooking.
13:18 of 2nd period - Tanner Glass wins face-off versus David Desharnais in Punishers zone.
13:43 of 2nd period - Adam McQuaid is hit by Cody Eakin and loses puck.
14:04 of 2nd period - Jiri Tlusty is hit by Justin Falk and loses puck.
14:09 of 2nd period - Wrist shot by Tim Jackman.
14:09 of 2nd period - Shot Blocked by David Desharnais.
14:29 of 2nd period - Adam McQuaid is hit by Brandon Prust.
14:47 of 2nd period - Icing by Michael Del Zotto.
14:48 of 2nd period - Brandon Prust wins face-off versus Tanner Glass in Staline zone.
14:53 of 2nd period - Torey Krug is hit by Adam McQuaid and loses puck.
15:17 of 2nd period - Penalty to Mike Weber is over, Mike Weber is back on ice.
15:20 of 2nd period - Wrist shot by David Desharnais.
15:20 of 2nd period - Stopped by Kevin Poulin with a rebound.
15:28 of 2nd period - Snap shot by David Desharnais.
15:28 of 2nd period - Stopped by Kevin Poulin without a rebound.
15:29 of 2nd period - Luke Adam wins face-off versus Peter Holland in Punishers zone.
15:29 of 2nd period - Luke Adam is hit by Danny Kristo.
16:01 of 2nd period - Backhand shot by Simon Despres.
16:01 of 2nd period - Shot Misses the Net.
16:07 of 2nd period - Snap shot by Tyler Cuma.
16:07 of 2nd period - Stopped by Kevin Poulin with a rebound.
16:21 of 2nd period - Backhand shot by Bryan Bickell.
16:21 of 2nd period - Stopped by Kevin Poulin with a rebound.
16:29 of 2nd period - Wrist shot by Casey Cizikas.
16:29 of 2nd period - Stopped by Tobias Stephan with a rebound.
16:31 of 2nd period - Snap shot by Casey Cizikas.
16:31 of 2nd period - Stopped by Tobias Stephan without a rebound.
16:32 of 2nd period - Peter Holland wins face-off versus Éric Perrin in Staline zone.
16:51 of 2nd period - Snap shot by Nick Spaling.
16:51 of 2nd period - Stopped by Kevin Poulin with a rebound.
16:53 of 2nd period - Snap shot by Jordan Caron.
16:53 of 2nd period - Goal by Jordan Caron - Punishers : 3 - Staline : 1.
16:54 of 2nd period - David Desharnais wins face-off versus Éric Perrin in neutral zone.
16:57 of 2nd period - Snap shot by Tyler Cuma.
16:57 of 2nd period - Shot Blocked by Justin Falk.
16:59 of 2nd period - Snap shot by Jordan Caron.
16:59 of 2nd period - Deflect By Tim Jackman.
16:59 of 2nd period - Shot Blocked by Tim Jackman.
16:59 of 2nd period - Puck is out of play.
17:00 of 2nd period - Éric Perrin wins face-off versus Jordan Caron in Punishers zone.
17:29 of 2nd period - Wrist shot by Jiri Tlusty.
17:29 of 2nd period - Deflect By Kris Chucko.
17:29 of 2nd period - Shot Misses the Net.
17:29 of 2nd period - Puck is out of play.
17:30 of 2nd period - Nick Spaling wins face-off versus Petteri Nokelainen in Punishers zone.
17:35 of 2nd period - Wrist shot by Jiri Tlusty.
17:35 of 2nd period - Stopped by Kevin Poulin without a rebound.
17:36 of 2nd period - Cody Eakin wins face-off versus Éric Perrin in Punishers zone.
17:37 of 2nd period - Slapshot by Jiri Tlusty.
17:37 of 2nd period - Shot Misses the Net.
17:49 of 2nd period - Snap shot by Cody Eakin.
17:49 of 2nd period - Stopped by Kevin Poulin without a rebound.
17:50 of 2nd period - David Desharnais wins face-off versus Petteri Nokelainen in Punishers zone.
18:15 of 2nd period - Nick Spaling is hit by Éric Perrin and loses puck.
18:43 of 2nd period - Snap shot by Michael Del Zotto.
18:43 of 2nd period - Deflect By Brandon Prust.
18:43 of 2nd period - Shot Blocked by Frazer Mclaren.
18:43 of 2nd period - Puck is out of play.
18:44 of 2nd period - Petteri Nokelainen wins face-off versus David Desharnais in Punishers zone.
19:38 of 2nd period - Simon Despres is hit by Bryan Bickell and loses puck.
Goals for this period are 1 for Punishers vs 1 for Staline.
Shots for this period are 11 for Punishers vs 13 for Staline.
3rd period
0:01 of 3rd period - Cody Eakin wins face-off versus Éric Perrin in neutral zone.
0:15 of 3rd period - Snap shot by Nick Spaling.
0:15 of 3rd period - Shot Hit the Post.
0:25 of 3rd period - Jordan Caron is hit by Kris Chucko and loses puck.
0:32 of 3rd period - Slapshot by James Sheppard.
0:32 of 3rd period - Stopped by Kevin Poulin without a rebound.
0:33 of 3rd period - Jiri Tlusty wins face-off versus Petteri Nokelainen in Punishers zone.
0:36 of 3rd period - Snap shot by Nick Spaling.
0:36 of 3rd period - Stopped by Kevin Poulin with a rebound.
1:46 of 3rd period - Torey Krug is hit by Justin Falk and loses puck.
3:01 of 3rd period - Icing by Simon Despres.
3:02 of 3rd period - Peter Holland wins face-off versus Luke Adam in Punishers zone.
3:07 of 3rd period - Snap shot by Bryan Bickell.
3:07 of 3rd period - Stopped by Kevin Poulin without a rebound.
3:08 of 3rd period - Éric Perrin wins face-off versus Cody Eakin in Punishers zone.
3:25 of 3rd period - Torey Krug is hit by Tanner Glass and loses puck.
3:42 of 3rd period - Slapshot by Adam McQuaid.
3:42 of 3rd period - Shot Misses the Net.
3:44 of 3rd period - Wrist shot by Simon Despres.
3:44 of 3rd period - Shot Blocked by Mark Fraser.
3:46 of 3rd period - Slapshot by Simon Despres.
3:46 of 3rd period - Shot Blocked by Torey Krug.
3:48 of 3rd period - Snap shot by Justin Falk.
3:48 of 3rd period - Deflect By Erik Condra.
3:48 of 3rd period - Stopped by Tobias Stephan with a rebound.
4:08 of 3rd period - Slapshot by Torey Krug.
4:08 of 3rd period - Stopped by Kevin Poulin with a rebound.
4:14 of 3rd period - Minor Penalty to Alex Petrovic for Hooking.
4:15 of 3rd period - Tanner Glass wins face-off versus Jiri Tlusty in Punishers zone.
4:15 of 3rd period - Tanner Glass is hit by Brandon Prust.
4:28 of 3rd period - Minor Penalty to Brandon Prust for Slashing.
4:29 of 3rd period - Tanner Glass wins face-off versus Cody Eakin in Staline zone.
4:29 of 3rd period - Wrist shot by Éric Perrin.
4:29 of 3rd period - Shot Misses the Net.
4:35 of 3rd period - Wrist shot by Éric Perrin.
4:35 of 3rd period - Stopped by Tobias Stephan with a rebound.
4:37 of 3rd period - Snap shot by Mike Weber.
4:37 of 3rd period - Stopped by Tobias Stephan without a rebound.
4:38 of 3rd period - Tanner Glass wins face-off versus Cody Eakin in Staline zone.
4:57 of 3rd period - Snap shot by Éric Perrin.
4:57 of 3rd period - Deflect By Tanner Glass.
4:57 of 3rd period - Stopped by Tobias Stephan without a rebound.
4:58 of 3rd period - Tanner Glass wins face-off versus Cody Eakin in Staline zone.
5:03 of 3rd period - Wrist shot by Éric Perrin.
5:03 of 3rd period - Deflect By Tyler Cuma.
5:03 of 3rd period - Shot Misses the Net.
5:03 of 3rd period - Puck is out of play.
5:04 of 3rd period - Tanner Glass wins face-off versus Cody Eakin in Staline zone.
5:05 of 3rd period - Wrist shot by Éric Perrin.
5:05 of 3rd period - Deflect By Tanner Glass.
5:05 of 3rd period - Goal by Tanner Glass - Punishers : 4 - Staline : 1.
5:06 of 3rd period - Cody Eakin wins face-off versus Tanner Glass in neutral zone.
5:08 of 3rd period - Minor Penalty to Tyler Cuma for Interference.
5:09 of 3rd period - David Desharnais wins face-off versus Tanner Glass in Staline zone.
5:35 of 3rd period - Greg Pateryn is hit by Justin Falk and loses puck.
5:48 of 3rd period - Slapshot by Mike Weber.
5:48 of 3rd period - Deflect By Kris Chucko.
5:48 of 3rd period - Stopped by Tobias Stephan with a rebound.
5:50 of 3rd period - Snap shot by Tim Jackman.
5:50 of 3rd period - Stopped by Tobias Stephan without a rebound.
5:51 of 3rd period - Tim Jackman wins face-off versus Nick Spaling in Staline zone.
6:00 of 3rd period - Snap shot by Kris Chucko.
6:00 of 3rd period - Shot Blocked by Torey Krug.
6:14 of 3rd period - Penalty to Alex Petrovic is over, Alex Petrovic is back on ice.
6:14 of 3rd period - Torey Krug is hit by Adam McQuaid and loses puck.
6:27 of 3rd period - Snap shot by Tim Jackman.
6:27 of 3rd period - Deflect By Kris Chucko.
6:27 of 3rd period - Shot Misses the Net.
6:27 of 3rd period - Puck is out of play.
6:28 of 3rd period - Penalty to Brandon Prust is over, Brandon Prust is back on ice.
6:28 of 3rd period - David Desharnais wins face-off versus Éric Perrin in Staline zone.
7:08 of 3rd period - Penalty to Tyler Cuma is over, Tyler Cuma is back on ice.
7:25 of 3rd period - Minor Penalty to Peter Holland for Delaying the game.
7:26 of 3rd period - David Desharnais wins face-off versus Éric Perrin in Staline zone.
9:25 of 3rd period - Penalty to Peter Holland is over, Peter Holland is back on ice.
9:26 of 3rd period - Icing by Simon Despres.
9:27 of 3rd period - Petteri Nokelainen wins face-off versus Corey Trivino in Punishers zone.
9:40 of 3rd period - Corey Trivino is hit by Justin Falk and loses puck.
9:53 of 3rd period - Wrist shot by Nick Spaling.
9:53 of 3rd period - Stopped by Kevin Poulin without a rebound.
9:54 of 3rd period - Casey Cizikas wins face-off versus Cody Eakin in Punishers zone.
10:07 of 3rd period - Minor Penalty to Cody Eakin for Holding.
10:08 of 3rd period - Tim Jackman wins face-off versus David Desharnais in Staline zone.
10:40 of 3rd period - Minor Penalty to Kris Chucko for High sticking.
10:41 of 3rd period - Bryan Bickell wins face-off versus Tanner Glass in Punishers zone.
10:42 of 3rd period - Slapshot by Michael Del Zotto.
10:42 of 3rd period - Shot Blocked by Mike Weber.
11:48 of 3rd period - Wrist shot by Brandon Prust.
11:48 of 3rd period - Shot Blocked by Adam McQuaid.
11:50 of 3rd period - Snap shot by Mark Stone.
11:50 of 3rd period - Stopped by Kevin Poulin with a rebound.
12:04 of 3rd period - Brandon Prust is hit by Simon Despres and loses puck.
12:07 of 3rd period - Penalty to Cody Eakin is over, Cody Eakin is back on ice.
12:40 of 3rd period - Penalty to Kris Chucko is over, Kris Chucko is back on ice.
13:04 of 3rd period - Bryan Bickell is hit by Kris Chucko.
13:08 of 3rd period - Wrist shot by Tim Jackman.
13:08 of 3rd period - Shot Misses the Net.
14:08 of 3rd period - Snap shot by Peter Holland.
14:08 of 3rd period - Shot Misses the Net.
14:10 of 3rd period - Snap shot by Peter Holland.
14:10 of 3rd period - Shot Blocked by Kris Chucko.
14:28 of 3rd period - Wrist shot by Bryan Bickell.
14:28 of 3rd period - Stopped by Kevin Poulin without a rebound.
14:29 of 3rd period - Nick Spaling wins face-off versus Casey Cizikas in Punishers zone.
14:36 of 3rd period - Slapshot by Mike Weber.
14:36 of 3rd period - Shot Misses the Net.
14:44 of 3rd period - Slapshot by Michael Del Zotto.
14:44 of 3rd period - Stopped by Kevin Poulin with a rebound.
14:52 of 3rd period - Cody Eakin is hit by Mike Blunden and loses puck.
15:08 of 3rd period - Mike Weber is hit by Jiri Tlusty and loses puck.
15:13 of 3rd period - Snap shot by Jiri Tlusty.
15:13 of 3rd period - Shot Misses the Net.
15:40 of 3rd period - Mark Fraser is hit by Casey Cizikas and loses puck.
15:59 of 3rd period - Slapshot by Mark Fraser.
15:59 of 3rd period - Deflect By Nick Spaling.
15:59 of 3rd period - Stopped by Kevin Poulin with a rebound.
16:18 of 3rd period - Slapshot by Philip Larsen.
16:18 of 3rd period - Shot Misses the Net.
16:20 of 3rd period - Wrist shot by Nick Spaling.
16:20 of 3rd period - Stopped by Kevin Poulin with a rebound.
16:22 of 3rd period - Snap shot by Nick Spaling.
16:22 of 3rd period - Stopped by Kevin Poulin without a rebound.
16:23 of 3rd period - Petteri Nokelainen wins face-off versus David Desharnais in Punishers zone.
16:57 of 3rd period - Snap shot by Corey Trivino.
16:57 of 3rd period - Shot Blocked by Adam McQuaid.
17:44 of 3rd period - Kris Chucko is hit by Torey Krug and loses puck.
17:48 of 3rd period - Icing by Petteri Nokelainen.
17:49 of 3rd period - Petteri Nokelainen wins face-off versus Peter Holland in Punishers zone.
17:53 of 3rd period - Icing by Justin Falk.
17:54 of 3rd period - Corey Trivino wins face-off versus Petteri Nokelainen in Punishers zone.
18:19 of 3rd period - Luke Adam is hit by Mark Stone and loses puck.
18:42 of 3rd period - Snap shot by Tim Jackman.
18:42 of 3rd period - Goal by Tim Jackman - Punishers : 5 - Staline : 1.
18:43 of 3rd period - Cody Eakin wins face-off versus Éric Perrin in neutral zone.
18:50 of 3rd period - Tanner Glass is hit by Jiri Tlusty and loses puck.
19:18 of 3rd period - Slapshot by Michael Del Zotto.
19:18 of 3rd period - Stopped by Kevin Poulin with a rebound.
19:42 of 3rd period - Double Minor Penalty to David Desharnais for Roughing.
19:43 of 3rd period - Danny Kristo wins face-off versus Éric Perrin in Staline zone.
19:43 of 3rd period - Danny Kristo is hit by Éric Perrin.
19:55 of 3rd period - Wrist shot by Éric Perrin.
19:55 of 3rd period - Shot Misses the Net.
19:57 of 3rd period - Wrist shot by Tim Jackman.
19:57 of 3rd period - Shot Misses the Net.
19:59 of 3rd period - Snap shot by Tim Jackman.
19:59 of 3rd period - Shot Misses the Net.
Goals for this period are 2 for Punishers vs 0 for Staline.
Shots for this period are 8 for Punishers vs 12 for Staline.
Output by the SimonT Hockey Simulator (STHS) for François Prévost -- Original Page W3C XHTML 1.0 Valid